AoeStats
← CellaNBasso

Arena

504927840Analyzed
1v1 RM · 25d ago on Sep 7, 2026· 35m 53s· 2 players
Game mode
Random Map
Map size
Tiny (2 player)
Population
200
Speed
Normal
Resources
Standard
Victory
Conquest
Starting age
Dark Age
Ending age
Imperial Age
RankedLock teamsTeams togetherTeam positionsShared explorationLock speedFull tech treeHidden civsTurbo modeCheats
Victory
Defeat
🇺🇸 Franks · United States
1082
+16
🇨🇦 Byzantines · Canada
1082
-16
CellaNBasso
10:51 Feudal Age
14:57 Castle Age
13:19 Double-Bit Axe
14:46 Wheelbarrow
21:01 Fletching
23:39 Bodkin Arrow
28:56 Imperial Age
27:18 #83
27:05 Scale Barding Armor
27:50 Forging
28:16 Chain Barding Armor
28:44 Husbandry
29:21 Iron Casting
30:18 Plate Barding Armor
29:05 Cavalier
30:40 Elite Throwing Axeman
34:11 Blast Furnace
rosssmith95
5:42 Loom
12:07 Feudal Age
16:50 Castle Age
15:40 Double-Bit Axe
18:36 Bow Saw
19:05 Wheelbarrow
19:27 Horse Collar
23:15 Hand Cart
28:50 Imperial Age
26:28 Pikeman
27:48 Squires
27:54 Scale Mail Armor
28:06 Forging
28:01 Padded Archer Armor
30:33 Chemistry
30:54 Two-Man Saw
30:15 Halberdier
32:53 Heavy Plow
35:03 Ballistics
Connection lost

Rejoining the realm…

Still unreachable

The connection could not be restored.

Session expired

The server has moved on; the page needs a fresh start.